 Dungeon Crawl Stone Soup version 0.31-a0-161-gb58dd9be76 (webtiles) character file.

Game seed: 12193736040862975864

93 qw the Chopper (level 4, 0/28 HPs)
             Began as a Gargoyle Fighter on June 12, 2023.
             Slain by an iguana (7 damage)
             ... on level 3 of the Dungeon.
             The game lasted 00:00:50 (1659 turns).

qw the Chopper (Gargoyle Fighter)                   Turns: 1659, Time: 00:00:50

Health: 0/28       AC: 11    Str: 23    XL:     4   Next: 62%
Magic:  4/4        EV:  9    Int:  9    God:
Gold:   62         SH:  4    Dex:  9    Spells: 3/3 levels left

rFire   . . .        Y - +0 war axe
rCold   . . .        c - +0 buckler
rNeg    + . .        b - +0 scale mail
rPois   inf          (no helmet)
rElec   +            (no cloak)
rCorr   .            (no gloves)
SInv    .            (no boots)
Will    .....        (no amulet) Stlth
                     j - +1 ring of protection
HPRegen 0.24/turn    k - +2 ring of strength
MPRegen 0.09/turn

%: no passive effects
@: no status effects
A: sickness immunity, AC +3, negative energy resistance 1, electricity
resistance, torment resistance 1, petrification resistance
a: no special abilities


You were on level 3 of the Dungeon.
You visited 1 branch of the dungeon, and saw 3 of its levels.

You collected 128 gold pieces.
You spent 66 gold pieces at shops.


Innate Abilities, Weirdness & Mutations

You are immune to sickness and miasma.
Your stone body is resilient. (AC +3)
You are immune to poison.
You resist negative energy. (rN+)
You are resistant to electric shocks. (rElec)
You are resistant to unholy torment.
You are immune to petrification.


   Skills:
 - Level 3.2 Fighting
 + Level 4.2 Axes
 - Level 3.2 Armour
 - Level 3.2 Shields


You had 3 spell levels left.
You didn't know any spells.
Your spell library was empty.

Inventory:

Hand Weapons
 h - a +0 club
 Y - a +0 war axe (weapon)
Armour
 b - a +0 scale mail (worn)
 c - a +0 buckler (worn)
Jewellery
 j - a +1 ring of protection (left hand)
 k - a +2 ring of strength (right hand)
Scrolls
 i - a scroll of identify
Potions
 d - a potion of might
 e - a potion of curing
 f - a potion of degeneration {unknown}

Dungeon Overview and Level Annotations

Branches:
Dungeon (3/15)

Altars:

Shops:
D:2 =

Annotations:
D:3 Grinder, Sigmund


Message History

Grinder shouts!
Grinder gestures at you.
You suddenly lose the ability to move!
Grinder gestures at you.
You shrug off the repeated paralysis!
Grinder blinks!
The iguana bites you!
Grinder enters a dispersal trap!
The iguana blinks!
You blink.
A kobold comes into view. It is wielding a +0 short sword.
Found an escape hatch in the ceiling.
You can move again.
1653 ||| FLEEEEING.
Sigmund the Dreaded comes into view.
He is wielding a +3 heavy scythe.
Sigmund shouts!
You hit the kobold.
You kill the kobold!
Sigmund mumbles some strange words.
Sigmund flickers and vanishes!
Deactivating autopickup; reactivate with Ctrl-A.
1655 ||| FLEEEEING.
You hit the scorpion zombie.
The scorpion zombie is lightly damaged.
Grinder blinks!
The scorpion zombie hits you but does no damage.
You hit the scorpion zombie.
The scorpion zombie is moderately damaged.
The scorpion zombie hits you but does no damage.
Something hits you!
The scorpion zombie hits you but does no damage.
You slash the scorpion zombie!
The scorpion zombie is heavily damaged.
You hit the iguana. You block the iguana's attack.
The scorpion zombie hits you but does no damage.
You barely miss the scorpion zombie.
The scorpion zombie is heavily damaged.
You slash the iguana!
The scorpion zombie hits you but does no damage.
The iguana bites you!
You die...

###.. ..#..####
........
#.....###
#.....#..
#.....#<# .
#....<#.# #..
#.....#.##{...
.#...l@#.....#
........Z.{#
......#....#
#..........#
#^..#........
......#.......
#.....#........
...........###.
.. .....## #.


You could see an iguana and a scorpion zombie.

Vanquished Creatures
  5 adders
  A worm (D:2)
  4 dart slugs
  2 bats
  An endoplasm (D:2)
  3 giant cockroaches
  3 goblins
  2 hobgoblins (D:1)
  2 jackals (D:2)
  3 kobolds
  A quokka (D:1)
  7 ball pythons
  A frilled lizard (D:1)
  4 rats
39 creatures vanquished.

Notes
Turn   | Place    | Note
-------+----------+-------------------------------------------
     0 | D:1      | qw the Gargoyle Fighter began the quest for the Orb.
     0 | D:1      | Reached XP level 1. HP: 14/14 MP: 1/1
     0 | D:1      | 0 ||| qw: Version: 0.2-a-29-gc1b59c4
     0 | D:1      | 0 ||| qw: Game counter: 4222
     0 | D:1      | 0 ||| qw: Always use a shield: true
     0 | D:1      | 0 ||| qw: God list: Okawaru
     0 | D:1      | 0 ||| qw: Allow faded altars: false
     0 | D:1      | 0 ||| qw: Do Orc after D:15 true
     0 | D:1      | 0 ||| qw: Do second Lair branch before Depths: true
     0 | D:1      | 0 ||| qw: Lair rune preference: random
     0 | D:1      | 0 ||| qw: Plans: Normal, Zot:1-4, Slime:5, God:TSO, Crypt,
                  | Tomb, Abyss, Pan, Hells, Win
     0 | D:1      | 0 ||| PLANNING D:1-11
    28 | D:1      | Reached skill level 2 in Axes
   156 | D:1      | Reached XP level 2. HP: 19/19 MP: 2/2
   254 | D:1      | 254 ||| Stepping ~*~*~tactically~*~*~ (hiding).
   498 | D:1      | 498 ||| Stepping ~*~*~tactically~*~*~ (stealth).
   814 | D:1      | 814 ||| READING scroll labelled CAKIXILIL.
   815 | D:1      | 815 ||| READING scroll labelled SUYNWU BAJEAGE.
   849 | D:2      | 849 ||| STAIRDANCE
   852 | D:1      | Reached skill level 3 in Axes
   860 | D:2      | 860 ||| STAIRDANCE
   868 | D:1      | Reached XP level 3. HP: 21/23 MP: 3/3
  1039 | D:2      | Reached XP level 4. HP: 22/28 MP: 4/4
  1201 | D:2      | Found Pugiel's One-of-a-Kind Rings.
  1211 | D:2      | 1211 ||| BUYING +1 ring of protection (33 gold).
  1211 | D:2      | Bought a +1 ring of protection for 33 gold pieces
  1211 | D:2      | 1211 ||| BUYING +2 ring of strength (33 gold).
  1211 | D:2      | Bought a +2 ring of strength for 33 gold pieces
  1211 | D:2      | 1211 ||| SHOPLISTING +6 ring of protection (858 gold, have
                  | 11).
  1211 | D:2      | 1211 ||| SHOPLISTING +8 ring of evasion (858 gold, have
                  | 11).
  1211 | D:2      | 1211 ||| SHOPLISTING ring "Upiraan" {rElec rPois Int+8
                  | Dex+4} (651 gold, have 11).
  1211 | D:2      | 1211 ||| SHOPLISTING ring of Anatilous {rF+ rN+ Int+6} (596
                  | gold, have 11).
  1211 | D:2      | 1211 ||| SHOPLISTING ring of Suspected Treachery {Ice
                  | Str+4} (444 gold, have 11).
  1213 | D:2      | 1213 ||| Stepping ~*~*~tactically~*~*~ (stealth).
  1229 | D:2      | 1229 ||| Stepping ~*~*~tactically~*~*~ (hiding).
  1345 | D:2      | Reached skill level 4 in Axes
  1598 | D:2      | 1598 ||| UPGRADING to +1 ring of protection.
  1599 | D:2      | 1599 ||| UPGRADING to +2 ring of strength.
  1600 | D:2      | 1600 ||| READING 2 scrolls labelled NUUSTI QEGEG.
  1618 | D:2      | 1618 ||| READING scroll labelled WAGGIZ UGHAOH.
  1619 | D:2      | 1619 ||| READING 3 scrolls labelled GYSCHI NUON.
  1620 | D:2      | 1620 ||| READING scroll labelled YDU QADGHET FID.
  1621 | D:2      | 1621 ||| READING scroll labelled QYURES PUMA.
  1625 | D:2      | 1625 ||| READING 2 scrolls of identify.
  1625 | D:2      | 1625 ||| IDENTIFYING emerald potion
  1626 | D:2      | 1626 ||| DROPPING scroll of torment.
  1647 | D:3      | Noticed Grinder
  1648 | D:3      | Paralysed by Grinder for 5 turns
  1653 | D:3      | 1653 ||| FLEEEEING.
  1653 | D:3      | Noticed Sigmund
  1655 | D:3      | 1655 ||| FLEEEEING.
  1657 | D:3      | HP: 6/28 [something (12)]
  1659 | D:3      | Slain by an iguana

Levels and vault maps discovered:
D:1:      wander_arrival_desolate, layout_basic, chequers_serial_rivers_room_a
D:2:      minmay_chambers_of_ones, layout_basic, grunt_ministairs_2,
          nicolae_shop_unique_rings, glass_columns_c
D:3:      layout_rooms, minitemple, mainiacjoe_overflow_surrounded_room,
          serial_undead, serial_undead_c, serial_undead_c, serial_undead_f,
          serial_undead_b, serial_undead_d, serial_undead_b, serial_undead_c,
          chequers_serial_rivers_marsh, amcnicky_mini_pool_small,
          corexii_hall_statues_t, serial_bayou_pond_a, grunt_ministairs_11,
          uniq_natasha, uniq_jessica, uniq_grinder, uniq_sigmund

Skill      XL: |  1  2  3  4 |
---------------+-------------+-----
Axes           | 2 3 4 |  4.2
Fighting       | |  3.2
Armour         | |  3.2
Shields        | |  3.2

Action                     |  1- 3 |  4- 6 || total
---------------------------+-------+-------++-------
  Melee: War axe           |    92 |    45 ||   137
    Use: Scroll            |     2 |     6 ||     8
 Armour: Scale mail        |    57 |    32 ||    89
  Dodge: Dodged            |    40 |    14 ||    54
  Block: Buckler           |    21 |     6 ||    27

Table legend:
 A = Non-vault XP
 B = Vault XP
 C = Vault XP percentage of total XP
 D = Non-vault monster count
 E = Vault monster count
 F = Vault count percentage of total count
                 A         B        C        D         E       F
            +---------+---------+-------+---------+---------+-------
      Total |     114 |      20 |  14.9 |      31 |       8 |  20.5
            +---------+---------+-------+---------+---------+-------
        D:1 |      39 |       1 |   2.5 |      15 |       1 |   6.2
        D:2 |      73 |      19 |  20.7 |      15 |       7 |  31.8
        D:3 |       2 |       0 |   0.0 |       1 |       0 |   0.0
            +---------+---------+-------+---------+---------+-------
